 Dungeon Crawl Stone Soup version 0.31.0-11-ge490571c62 (webtiles) character file.

Game seed: 10431898265610081198

208 qw the Skirmisher (level 5, -1/29 HPs)
             Began as a Deep Elf Hunter on Feb 4, 2024.
             Slain by an iguana (11 damage)
             ... on level 4 of the Dungeon.
             The game lasted 00:00:18 (2450 turns).

qw the Skirmisher (Deep Elf Hunter)                 Turns: 2450, Time: 00:00:19

Health: -1/29      AC:  7    Str: 10    XL:     5   Next: 55%
Magic:  7/7        EV: 11    Int: 14    God:
Gold:   119        SH:  0    Dex: 18    Spells: 4/4 levels left

rFire   . . .        a - +1 shortbow
rCold   + . .        (shield currently unavailable)
rNeg    . . .        h - +0 ring mail
rPois   .            (no helmet)
rElec   .            (no cloak)
rCorr   .            g - +1 pair of gloves
SInv    .            (no boots)
Will    .....        (no amulet)
Stlth   +            i - ring of protection from cold
HPRegen 0.24/turn    (no ring)
MPRegen 0.10/turn

%: no passive effects
@: no status effects
A: no striking features
a: no special abilities


You were on level 4 of the Dungeon.
You visited 1 branch of the dungeon, and saw 4 of its levels.

You collected 119 gold pieces.


   Skills:
 + Level 1.5 Fighting
 - Level 9.0 Ranged Weapons
 - Level 2.6 Dodging
 - Level 1.2 Stealth


You had 4 spell levels left.
You didn't know any spells.
Your spell library was empty.

Inventory:

Hand Weapons
 a - a +1 shortbow (weapon)
Armour
 b - a +0 leather armour of cold resistance
 g - a +1 pair of gloves (worn)
 h - a +0 ring mail (worn)
Jewellery
 i - a ring of protection from cold (left hand)
Potions
 d - a potion of curing

Dungeon Overview and Level Annotations

Branches:
Dungeon (4/15)
 Temple: D:4-7

Altars:
Kikubaaqudgha


Message History

You shoot an arrow. The arrow hits the endoplasm.
The endoplasm is lightly wounded.
You shoot an arrow. The arrow hits the endoplasm.
The endoplasm is moderately wounded.
You shoot an arrow. The arrow hits the endoplasm!
You kill the endoplasm!
You open the large door. 3 orcs and an iguana come into view.
The orc shouts!
The iguana hisses angrily.
The orc shouts!
An adder comes into view.
You shoot an arrow. The arrow closely misses the orc.
The arrow hits the iguana.
The iguana is lightly wounded.
You shoot an arrow.
The arrow hits the orc but does no damage.
The orc misses you.
You shoot an arrow. The arrow hits the iguana.
The iguana is lightly wounded.
The iguana closely misses you. The orc closely misses you.
You shoot an arrow. The arrow closely misses the iguana.
The iguana misses you. The orc hits you but does no damage.
The iguana barely misses you. The orc hits you with a +0 club.
You shoot an arrow.
The arrow hits the iguana but does no damage.
The iguana is lightly wounded.
The iguana bites you.
You shoot an arrow. The arrow hits the iguana.
The iguana is moderately wounded.
The iguana bites you! The orc hits you with a +0 club.
The orc hits you but does no damage.
You shoot an arrow.
The arrow hits the iguana but does no damage.
The iguana is moderately wounded.
The orc hits you with a +0 club. The iguana barely misses you.
The orc closely misses you.
You shoot an arrow.
The arrow hits the iguana but does no damage.
The iguana is moderately wounded.
The orc hits you but does no damage. The orc closely misses you.
The iguana bites you!
You die...

### ... ... #.# #++ #.#
.... #.# #+# .....
##.#######.#####
~.~~.o##...##.........#
.8.~.So@...##.###.###.##
~.8...lo......##........
~~.~..#.............#.#.
......#.......##...##...
..... ##...##.........#.
#++## #....######.....#.
...#### #.#####. ####
#.# #. #.. ..


You could see an iguana, an adder and 3 orcs.

Vanquished Creatures
  Natasha (D:3)
  3 orc wizards (D:3)
  3 adders
  A dart slug (D:2)
  A ribbon worm (D:3)
  10 orcs (D:3)
  4 ball pythons
  3 endoplasms
  2 giant cockroaches
  10 hobgoblins
  2 jackals (D:2)
  3 quokkas
  4 bats
  5 frilled lizards
  5 goblins
  7 kobolds
  6 rats
70 creatures vanquished.

Notes
Turn   | Place    | Note
-------+----------+-------------------------------------------
     0 | D:1      | qw the Deep Elf Hunter began the quest for the Orb.
     0 | D:1      | Reached XP level 1. HP: 12/12 MP: 3/3
     0 | D:1      | 0 ||| qw: Version: 0.3-a-160-g6735b56
     0 | D:1      | 0 ||| qw: Game counter: 5929
     0 | D:1      | 0 ||| qw: Melee chars always use a shield: true
     0 | D:1      | 0 ||| qw: God list: Okawaru
     0 | D:1      | 0 ||| qw: Allow faded altars: false
     0 | D:1      | 0 ||| qw: Do Orc after clearing Dungeon:15 true
     0 | D:1      | 0 ||| qw: Do second Lair branch before Depths: true
     0 | D:1      | 0 ||| qw: Lair rune preference: random
     0 | D:1      | 0 ||| qw: Goals: Normal
     0 | D:1      | 0 ||| PLANNING D:1-11
   298 | D:1      | Reached skill level 6 in Ranged Weapons
   298 | D:1      | Reached XP level 2. HP: 16/16 MP: 4/4
   826 | D:1      | 826 ||| UPGRADING to +0 pair of gloves.
   831 | D:1      | 831 ||| UPGRADING to ring of protection from cold.
   832 | D:1      | 832 ||| READING scroll labelled SIASAT XEIG.
   832 | D:1      | 832 ||| IDENTIFYING viscous silvery potion
   833 | D:1      | 833 ||| READING scroll labelled AJUHIA SURAT.
   833 | D:1      | 833 ||| ENCHANTING +0 shortbow.
   834 | D:1      | 834 ||| READING scroll labelled KOV JIDEREOST.
   834 | D:1      | 834 ||| ENCHANTING +0 pair of gloves.
   835 | D:1      | 835 ||| DROPPING scroll of butterflies.
   940 | D:2      | Reached XP level 3. HP: 14/20 MP: 5/5
  1172 | D:2      | Reached skill level 7 in Ranged Weapons
  1221 | D:2      | 1221 ||| FLEEEEING.
  1389 | D:2      | 1389 ||| READING scroll labelled XINTUPN WEUMP.
  1390 | D:2      | 1390 ||| READING scroll labelled HUPRIDGH FACIMI.
  1391 | D:2      | 1391 ||| READING scroll labelled HOFABL HAUKK.
  1600 | D:3      | Found an ancient bone altar of Kikubaaqudgha.
  1658 | D:3      | Reached XP level 4. HP: 16/25 MP: 6/6
  1764 | D:3      | 1764 ||| READING 2 scrolls of identify.
  1764 | D:3      | 1764 ||| IDENTIFYING fuming ruby potion
  1765 | D:3      | 1765 ||| DROPPING potion of attraction.
  1862 | D:3      | Reached skill level 8 in Ranged Weapons
  1981 | D:3      | 1981 ||| FLEEEEING.
  1982 | D:3      | 1982 ||| FLEEEEING.
  1983 | D:3      | 1983 ||| FLEEEEING.
  1984 | D:3      | 1984 ||| FLEEEEING.
  1985 | D:3      | 1985 ||| FLEEEEING.
  1986 | D:3      | 1986 ||| FLEEEEING.
  1987 | D:3      | 1987 ||| FLEEEEING.
  1988 | D:3      | 1988 ||| FLEEEEING.
  1989 | D:3      | 1989 ||| FLEEEEING.
  1990 | D:3      | 1990 ||| FLEEEEING.
  1991 | D:3      | 1991 ||| FLEEEEING.
  1992 | D:3      | 1992 ||| FLEEEEING.
  1993 | D:3      | 1993 ||| FLEEEEING.
  1996 | D:3      | 1996 ||| FLEEEEING.
  1997 | D:3      | 1997 ||| FLEEEEING.
  1998 | D:3      | 1998 ||| FLEEEEING.
  1999 | D:3      | 1999 ||| FLEEEEING.
  2000 | D:3      | 2000 ||| FLEEEEING.
  2001 | D:3      | 2001 ||| FLEEEEING.
  2002 | D:3      | 2002 ||| FLEEEEING.
  2003 | D:3      | 2003 ||| FLEEEEING.
  2004 | D:3      | 2004 ||| FLEEEEING.
  2005 | D:3      | 2005 ||| FLEEEEING.
  2006 | D:3      | 2006 ||| FLEEEEING.
  2007 | D:3      | 2007 ||| FLEEEEING.
  2008 | D:3      | 2008 ||| FLEEEEING.
  2009 | D:3      | 2009 ||| FLEEEEING.
  2010 | D:3      | 2010 ||| FLEEEEING.
  2011 | D:3      | 2011 ||| FLEEEEING.
  2012 | D:3      | 2012 ||| FLEEEEING.
  2013 | D:3      | 2013 ||| FLEEEEING.
  2014 | D:3      | 2014 ||| FLEEEEING.
  2015 | D:3      | 2015 ||| FLEEEEING.
  2016 | D:3      | 2016 ||| FLEEEEING.
  2017 | D:3      | 2017 ||| FLEEEEING.
  2018 | D:3      | 2018 ||| FLEEEEING.
  2019 | D:3      | 2019 ||| FLEEEEING.
  2173 | D:3      | Noticed Natasha
  2182 | D:3      | Reached XP level 5. HP: 16/29 MP: 7/7
  2183 | D:3      | Killed Natasha
  2184 | D:3      | HP: 7/29 [poisoned by an adder]
  2266 | D:3      | 2266 ||| FLEEEEING.
  2294 | D:3      | Reached skill level 9 in Ranged Weapons
  2362 | D:3      | 2362 ||| UPGRADING to +0 scale mail.
  2372 | D:3      | 2372 ||| DROPPING +0 leather armour.
  2373 | D:3      | 2373 ||| UPGRADING to +0 ring mail.
  2383 | D:3      | 2383 ||| DROPPING +0 scale mail.
  2384 | D:3      | 2384 ||| READING scroll of identify.
  2384 | D:3      | 2384 ||| IDENTIFYING lumpy orange potion
  2385 | D:3      | 2385 ||| DROPPING potion of invisibility.
  2450 | D:4      | Slain by an iguana

Levels and vault maps discovered:
D:1:      onia_arrival_mini_spirals, layout_basic
D:2:      layout_rooms, chequers_jeans, kennysheep_generic_room_9
D:3:      layout_basic, marbit_many_paths, grunt_decor_cap, grunt_ministairs_14,
          uniq_natasha
D:4:      nicolae_cairo_tiling_very_big, layout_loops_corners,
          grunt_gozag_statues, serial_shops, shop, kennysheep_generic_room_4

Skill      XL: |  1  2  3  4  5 |
---------------+----------------+-----
Ranged Weapons | 6 7 8 9 |  9.0
Fighting       | |  1.5
Dodging        | |  2.6
Stealth        | |  1.2

Action                     |  1- 3 |  4- 6 || total
---------------------------+-------+-------++-------
   Fire: Shortbow          |   114 |    96 ||   210
    Use: Scroll            |     6 |     2 ||     8
 Armour: Leather armour    |    17 |    25 ||    42
         Ring mail         |       |     9 ||     9
  Dodge: Dodged            |    20 |    19 ||    39

Table legend:
 A = Non-vault XP
 B = Vault XP
 C = Vault XP percentage of total XP
 D = Non-vault monster count
 E = Vault monster count
 F = Vault count percentage of total count
                 A         B        C        D         E       F
            +---------+---------+-------+---------+---------+-------
      Total |     244 |      54 |  18.1 |      66 |       4 |   5.7
            +---------+---------+-------+---------+---------+-------
        D:1 |      19 |       0 |   0.0 |      12 |       0 |   0.0
        D:2 |      53 |       0 |   0.0 |      25 |       0 |   0.0
        D:3 |     170 |      54 |  24.1 |      28 |       4 |  12.5
        D:4 |       2 |       0 |   0.0 |       1 |       0 |   0.0
            +---------+---------+-------+---------+---------+-------
